 Dungeon Crawl Stone Soup version 0.20-a0-1122-gb7cbeb9 (webtiles) character file.

124 HeyBub the Slasher (level 4, -2/39 HPs)
             Began as a Minotaur Monk on May 10, 2017.
             Slain by an adder (4 damage)
             ... in a sewer.
             The game lasted 00:02:48 (1645 turns).

HeyBub the Slasher (Minotaur Monk)                  Turns: 1645, Time: 00:02:49

Health: -2/39      AC:  4    Str: 16    XL:     4   Next: 81%
Magic:  3/3        EV: 14    Int: 12    God:
Gold:   108        SH:  0    Dex: 17    Spells: 3/3 levels left

rFire    + + .     SeeInvis .   d - +1 spear "Qaguonyqoha" {pierce, *Noise rF+ MR+ Dex+4} (curse)
rCold    . . .     Gourm    .   (no shield)
rNeg     . . .     Faith    .   m - +2 robe {rF+}
rPois    .         Spirit   .   (helmet restricted)
rElec    .         Reflect  .   (no cloak)
rCorr    .         Harm     .   (no gloves)
MR       +....                  (no boots)
Stlth    ++........             (no amulet)
Regen    0.2/turn               p - +5 ring of intelligence
MPRegen  0.1/turn               (no ring)

@: lethally poisoned (-2 -> -3)
A: retaliatory headbutt, horns 2
a: no special abilities


You were in a sewer.
You were hungry.

You visited 1 branch of the dungeon, and saw 3 of its levels.
You also visited: Sewer.

You collected 108 gold pieces.

Inventory:

Hand Weapons
 a - a +0 falchion
 d - the cursed +1 spear "Qaguonyqoha" (weapon) {pierce, *Noise rF+ MR+ Dex+4}
   (You found it in a sewer)

   It inflicts extra damage upon your enemies.
   It affects your dexterity (+4).
   It protects you from fire.
   It affects your resistance to hostile enchantments.
   It may make noises in combat.
   It has a curse placed upon it.
Missiles
 o - 2 tomahawks (quivered)
Armour
 b - a +0 robe
 m - a +2 robe of fire resistance (worn)
Jewellery
 p - a +5 ring of intelligence (left hand)
Scrolls
 h - a scroll of teleportation
 i - 3 scrolls of identify
 l - a scroll of enchant armour {unknown}
 n - a scroll of enchant weapon {unknown}
 r - a scroll of immolation {unknown}
Potions
 e - 2 potions of mutation
 j - 2 potions of agility {unknown}
 q - 3 potions of brilliance {unknown}
Comestibles
 c - 2 bread rations
 f - 2 meat rations


   Skills:
 - Level 3.6 Fighting
 - Level 6.1 Long Blades
 + Level 2.4 Polearms
 - Level 3.2 Dodging
 - Level 1.5 Stealth


You had 3 spell levels left.
You didn't know any spells.

Dungeon Overview and Level Annotations

Branches:
Dungeon (3/15)

Altars:
Kikubaaqudgha


Innate Abilities, Weirdness & Mutations

You reflexively headbutt those who attack you in melee.
You have a pair of horns on your head.


Message History

You hit the adder.
You headbutt the adder, but do no damage.
The adder is moderately wounded.
The adder bites you.
You are poisoned.
The adder poisons you! The adder bites you but does no damage.
The adder bites you. The river rat barely misses you.
You feel sick. The adder bites you.
* * * LOW HITPOINT WARNING * * *
The adder bites you but does no damage.
You feel sick. The adder bites you.
* * * LOW HITPOINT WARNING * * *
* * * LOW HITPOINT WARNING * * *
You feel sick. The adder barely misses you.
The adder bites you but does no damage.
The rat twitches its whiskers.
The adder barely misses you.
* * * LOW HITPOINT WARNING * * *
You feel sick. The adder bites you.
You die...

##......≈≈≈
#......≈≈≈≈
#.r...#≈≈≈≈
#....##≈≈≈≈
#....#≈≈≈≈≈
##.....≈≈≈≈≈≈
#..rS..≈≈≈≈≈≈
#..SS.≈≈≈≈≈≈≈
###@###≈#≈#≈#
#((...##≈#≈#≈
#.)...# #≈#≈#
##(..## #≈#≈
#.....# #≈
#.)#).#
#######
≈≈≈≈≈≈≈≈≈
≈≈≈≈≈≈≈≈≈≈≈≈≈


You could see 3 adders, a river rat and a rat.

Vanquished Creatures
  2 adders (Sewer)
  2 river rats (Sewer)
  An ooze (D:1)
  2 dart slugs (D:2)
  2 worms
  A leopard gecko (D:1)
  7 bats
  5 giant cockroaches
  5 goblins
  9 hobgoblins
  7 jackals
  3 ball pythons (D:3)
  4 frilled lizards
  10 kobolds
  11 rats
71 creatures vanquished.

Notes
Turn   | Place    | Note
-------+----------+-------------------------------------------
     0 | D:1      | HeyBub the Minotaur Monk began the quest for the Orb.
     0 | D:1      | Reached XP level 1. HP: 19/19 MP: 0/0
    31 | D:1      | Reached skill level 4 in Long Blades
    38 | D:1      | Reached XP level 2. HP: 21/26 MP: 1/1
   418 | D:1      | Reached skill level 5 in Long Blades
   437 | D:1      | Reached XP level 3. HP: 23/31 MP: 2/2
  1353 | D:2      | Found an ancient bone altar of Kikubaaqudgha.
  1398 | D:3      | Reached XP level 4. HP: 26/39 MP: 3/3
  1490 | D:3      | Reached skill level 6 in Long Blades
  1540 | D:3      | Found a glowing drain.
  1560 | Sewer    | Entered a sewer
  1583 | Sewer    | Got an ivory spear
  1589 | Sewer    | Identified the cursed +1 spear "Qaguonyqoha" {pierce, *Noise rF+ MR+ Dex+4} (You found it in a sewer)
  1605 | Sewer    | Reached skill level 1 in Polearms
  1645 | Sewer    | Slain by an adder

Vault maps used:
D:1:      dpeg_arrival_simpleton_a, hangedman_decor_opposing
D:2:      lemuel_coloured_pillars_altar
D:3:      grunt_qazlal_sundering, cheibrodos_sewer_entry_sluice,
          minmay_statues_item, glass_columns_c
Sewer:    sewer_minmay_treatment

Skill      XL: |  1  2  3  4 |
---------------+-------------+-----
Long Blades    | 4 5 6 |  6.1
Polearms       | 2 |  2.4
Fighting       | |  3.6
Dodging        | |  3.2
Stealth        | |  1.5

Action                   |  1- 3 |  4- 6 || total
-------------------------+-------+-------++-------
Melee: Falchion          |    98 |    23 ||   121
       Headbutt          |    22 |     6 ||    28
       Spear             |       |    29 ||    29
  Use: Scroll            |       |     4 ||     4
       Potion            |       |     1 ||     1
 Stab: Sleeping          |     1 |     1 ||     2
  Eat: Chunk             |     1 |     1 ||     2
Armor: Robe              |    22 |    14 ||    36
Dodge: Dodged            |    69 |    50 ||   119
       Rpst.: Falchion   |    21 |     2 ||    23
